 Dungeon Crawl Stone Soup version 0.29.1-15-g9cfb28693d (webtiles) character file.

Game seed: 6894350870896973032

2489 BuddhaDhamma the Severer (level 9, -5/70 HPs)
             Began as a Minotaur Berserker on Mar 24, 2023.
             Was an Elder of Trog.
             Slain by a two-headed ogre
             ... wielding a +0 giant club
              (19 damage)
             ... on level 8 of the Dungeon.
             The game lasted 00:10:50 (8161 turns).

BuddhaDhamma the Severer (Minotaur Berserker)       Turns: 8161, Time: 00:10:50

Health: -5/70      AC: 14    Str: 27    XL:     9   Next: 27%
Magic:  8/8        EV:  8    Int:  4    God:    Trog [****..]
Gold:   246        SH:  0    Dex: 15    Spells: 8/8 levels left

rFire   x . .      SeeInvis +   a - +3 battleaxe
rCold   x . .      Faith    .   (shield currently unavailable)
rNeg    . . .      Spirit   .   u - +0 plate armour
rPois   .          Reflect  .   (helmet restricted)
rElec   .          Harm     .   o - scarf {repulsion}
rCorr   .          Rampage  .   s - +1 pair of gloves
Will    .....                   c - +0 pair of boots
Stlth   ..........              (no amulet)
HPRegen 0.21/turn               x - ring of Joroudd {Fly rF- rC- Dex+6 SInv}
MPRegen 0.11/turn               (no ring)

@: flying, repel missiles
A: horns 2, retaliatory headbutt
a: Renounce Religion, Berserk, Trog's Hand, Brothers in Arms


You were on level 8 of the Dungeon.
You worshipped Trog.
Trog was greatly pleased with you.
You visited 1 branch of the dungeon, and saw 8 of its levels.

You collected 358 gold pieces.
You spent 112 gold pieces at shops.

Inventory:

Hand Weapons
 a - a +3 battleaxe (weapon)
Missiles
 h - 10 poisoned darts (quivered)
Armour
 c - a +0 pair of boots (worn)
 o - a scarf of repulsion (worn)
 s - a +1 pair of gloves (worn)
 u - a +0 plate armour (worn)
Jewellery
 i - a ring of protection from fire
 j - a ring of magical power
 l - a ring of magical power
 r - a ring of ice
 x - the ring of Joroudd (left hand) {Fly rF- rC- Dex+6 SInv}
   (You acquired it on level 7 of the Dungeon)

   [ring of dexterity]

   Dex:       It affects your dexterity (+6).
   rF:        It makes you vulnerable to fire.
   rC:        It makes you vulnerable to cold.
   SInv:      It lets you see invisible.
   Fly:       It grants you flight.
Wands
 t - a wand of flame (27)
Scrolls
 b - a scroll of poison
 g - a scroll of butterflies
 k - a scroll of fear
 n - 2 scrolls of teleportation
 v - a scroll of identify
Potions
 d - 2 potions of resistance {unknown}
 e - 2 potions of mutation
 f - 3 potions of curing
 m - 2 potions of brilliance
 p - a potion of lignification {unknown}
 q - 2 potions of degeneration
 w - 4 potions of haste
 z - a potion of flight {unknown}


   Skills:
 - Level 3.6 Fighting
 + Level 15.1 Axes
 - Level 2.4 Armour
 - Level 2.1 Dodging


You had 8 spell levels left.
You didn't know any spells.
Your spell library was empty.

Dungeon Overview and Level Annotations

Branches:
Dungeon (8/15)             Temple (0/1) D:7            Lair (0/5) D:8

Altars:
Fedhas
Hepliaklqana
Ru
Zin

Shops:
D:5 ((:?

Annotations:
D:3 exclusion: oklob plant


Innate Abilities, Weirdness & Mutations

You have a pair of horns on your head.
You reflexively headbutt those who attack you in melee.


Message History

The water moccasin is lightly wounded.
You miss the water moccasin. You barely miss the bullfrog.
You feel very sick. The bullfrog barely misses you.
The water moccasin bites you but does no damage.
The bullfrog hits the plant.
The plant begins to die.
The water moccasin closely misses you.
The bullfrog snags a nearby small bird with its tongue.
The bullfrog barely misses you.
The bullfrog hits the plant.
The plant begins to die.
The water moccasin bites you!
* * * LOW HITPOINT WARNING * * *
You hit the water moccasin but do no damage.
Your headbutt misses the water moccasin.
The water moccasin is heavily wounded.
You slash the bullfrog!
You kill the bullfrog!
Trog accepts your kill.
You slash the two-headed ogre! You miss the water moccasin.
* * * LOW HITPOINT WARNING * * *
You feel very sick. The water moccasin bites you.
* * * LOW HITPOINT WARNING * * *
You are more poisoned.
The water moccasin poisons you!
The bullfrog hits something.
The water moccasin closely misses you.
The two-headed ogre barely misses you. x2
The water moccasin bites you but does no damage.
You hit the water moccasin but do no damage.
The water moccasin is heavily wounded.
You slash the two-headed ogre! You hit the water moccasin.
* * * LOW HITPOINT WARNING * * *
You feel very sick.
The bullfrog completely misses the plant.
The water moccasin bites you.
* * * LOW HITPOINT WARNING * * *
The water moccasin bites you but does no damage.
The bullfrog hits the plant.
You feel better. The water moccasin barely misses you.
The water moccasin bites you but does no damage.
The two-headed ogre hits you with a +0 giant club!!
You die...

..........#
#..........+
#..........# ##
.P/........# ..
.P..P......# .#
..P........###..#
P...P...........#
P.P..P..OS..###.#
...P...†S@.[..#+#####
...PP..###†.........#


P.PFPP. #...<......# P[..PP..............# PPP.PPSP............#
hPPP....#...........# .PP.PPP.##...######## P..PPO. ###.# #.. You could see a
two-headed ogre, 2 water moccasins and a bullfrog.

Vanquished Creatures
  Grinder (D:4)
  A yak (D:8)
  2 water moccasins
  3 orc warriors
  A black bear (D:6)
  An ogre (D:5)
  A centaur (D:5)
  3 phantoms (D:6)
  4 bullfrogs
  Blork the orc (D:4)
  A necrophage (D:6)
  3 scorpions
  A hound (D:6)
  2 orc priests
  Ijyb (D:4)
  5 iguanas
  3 orc wizards
  3 gnolls (D:4)
  14 adders
  3 white imps
  2 ufetubi
  3 worms
  2 dart slugs
  22 orcs
  4 ball pythons
  4 endoplasms
  7 giant cockroaches
  4 goblins
  9 hobgoblins
  5 jackals
  4 quokkas
  3 bats
  A frilled lizard (D:1)
  3 kobolds
  3 rats
130 creatures vanquished.

Vanquished Creatures (others)
  6 fungi (D:8)
  8 plants (D:8)
14 creatures vanquished.

Grand Total: 144 creatures vanquished

Notes
Turn   | Place    | Note
-------+----------+-------------------------------------------
     0 | D:1      | BuddhaDhamma the Minotaur Berserker began the quest for the
                  | Orb.
     0 | D:1      | Reached XP level 1. HP: 19/19 MP: 0/0
   357 | D:1      | Reached skill level 4 in Axes
   426 | D:1      | Found a faded altar of an unknown god.
   621 | D:1      | Reached XP level 2. HP: 26/26 MP: 1/1
  1901 | D:2      | Reached skill level 5 in Axes
  1901 | D:2      | Reached XP level 3. HP: 19/31 MP: 2/2
  2227 | D:2      | Reached ** piety under Trog
  2290 | D:2      | You fall into a shaft and drop 1 floor!
  2391 | D:3      | Identified the +0 ring mail of the Gazing Gods {rF++ Int+4
                  | Stlth+}
  2699 | D:3      | Reached skill level 6 in Axes
  2699 | D:3      | Reached XP level 4. HP: 36/39 MP: 3/3
  3499 | D:3      | Found a blossoming altar of Fedhas.
  3523 | D:3      | Noticed an oklob plant
  3776 | D:4      | Noticed Grinder
  3781 | D:4      | Paralysed by Grinder for 2 turns
  3786 | D:4      | Killed Grinder
  3787 | D:4      | Reached skill level 8 in Axes
  3787 | D:4      | Reached XP level 5. HP: 19/45 MP: 4/4
  3787 | D:4      | Reached XP level 6. HP: 21/51 MP: 5/5
  4013 | D:4      | Noticed Blork the orc
  4016 | D:4      | Reached skill level 9 in Axes
  4021 | D:4      | Killed Blork the orc
  4431 | D:4      | Reached XP level 7. HP: 57/57 MP: 6/6
  4570 | D:4      | Found a hazy altar of Hepliaklqana.
  4666 | D:4      | Noticed Ijyb
  4673 | D:4      | Killed Ijyb
  5078 | D:5      | Entered Level 5 of the Dungeon
  5122 | D:5      | Reached skill level 10 in Axes
  5206 | D:5      | Found Nuxyqi's Book Emporium.
  5208 | D:5      | Found Xuuxaod's Magic Scroll Emporium.
  5209 | D:5      | Found Vaxedgh's Weapon Emporium.
  5210 | D:5      | Found Egeereon's Antique Weapon Emporium.
  5217 | D:5      | Bought a scroll of enchant armour for 112 gold pieces
  5566 | D:5      | Reached skill level 11 in Axes
  5597 | D:5      | Reached *** piety under Trog
  5806 | D:5      | Found a glowing silver altar of Zin.
  6006 | D:6      | Reached XP level 8. HP: 54/64 MP: 7/7
  6188 | D:6      | Reached skill level 12 in Axes
  6713 | D:6      | Reached skill level 13 in Axes
  7579 | D:7      | Found a staircase to the Ecumenical Temple.
  7588 | D:7      | Reached skill level 14 in Axes
  7701 | D:7      | Found a sacrificial altar of Ru.
  7792 | D:7      | Reached XP level 9. HP: 61/70 MP: 8/8
  8134 | D:7      | Identified a scroll of acquirement
  8134 | D:7      | Acquired the ring of Joroudd {Fly rF- rC- Dex+6 SInv}
  8149 | D:8      | Found a staircase to the Lair.
  8149 | D:8      | Noticed a two-headed ogre
  8153 | D:8      | Reached **** piety under Trog
  8158 | D:8      | Reached skill level 15 in Axes
  8161 | D:8      | Slain by a two-headed ogre

Illustrated notes

Levels and vault maps discovered:
D:1:      minmay_arrival_doors, layout_basic, ebering_ecumenical_altar_ruins,
          amcnicky_mini_rare_corridor_liquid
D:2:      layout_loops_corners, minmay_worlds_worst_comb
D:3:      layout_basic, tgw_fedhas, minmay_liquid_box, minmay_quantized
D:4:      layout_loops_cross, lemuel_doored_altar, uniq_blork_the_orc,
          uniq_grinder, uniq_ijyb
D:5:      layout_basic, zin_academy, minmay_shop_grid_forest
D:6:      layout_layer_cave, nicolae_figureground_pulse
D:7:      layout_rooms, nicolae_ru_sacrificial_ziggurat,
          minmay_temple_entry_trees
D:8:      layout_basic, mainiacjoe_overflow_large_starburst,
          due_lair_maze_entry_diamond, kennysheep_just_a_vault

Skill      XL: |  1  2  3  4  5  6  7  8  9 |
---------------+----------------------------+-----
Axes           | 4 5 6 8 9 11 14 15 | 15.1
Fighting       | |  3.6
Armour         | |  2.4
Dodging        | |  2.1

Action                   |  1- 3 |  4- 6 |  7- 9 || total
-------------------------+-------+-------+-------++-------
Melee: Hand axe          |   102 |    20 |       ||   122
       Headbutt          |    12 |     8 |    19 ||    39
       War axe           |       |    26 |       ||    26
       Battleaxe         |       |    10 |   161 ||   171
       Punch             |       |     1 |       ||     1
Throw: Dart              |       |     5 |       ||     5
Invok: Berserk           |       |     2 |     2 ||     4
  Use: Scroll            |       |       |    16 ||    16
       Potion            |       |       |     1 ||     1
Armor: Ring mail         |    26 |       |       ||    26
       Chain mail        |     8 |    33 |    32 ||    73
       Plate armour      |       |       |    87 ||    87
Dodge: Dodged            |    42 |    27 |    81 ||   150
       Repelled          |       |     1 |       ||     1
